 Dungeon Crawl Stone Soup version 0.22-a0-265-g0d8bc90 (webtiles) character file.

65 Spoonicorn the Skirmisher (level 4, 0/49 HPs)
             Began as an Ogre Berserker on Mar 7, 2018.
             Was a Believer of Trog.
             Slain by a kobold (3 damage)
             ... on level 2 of the Dungeon.
             The game lasted 00:02:27 (1226 turns).

Spoonicorn the Skirmisher (Ogre Berserker)          Turns: 1226, Time: 00:02:29

Health: 0/49       AC:  3    Str: 22    XL:     4   Next: 13%
Magic:  4/4        EV: 10    Int:  8    God:    Trog [**....]
Gold:   59         SH:  0    Dex:  8    Spells: 3/3 levels left

rFire    . . .     SeeInvis .   a - +0 mace
rCold    + . .     Gourm    .   (no shield)
rNeg     . . .     Faith    .   b - +0 animal skin
rPois    .         Spirit   .   (helmet restricted)
rElec    .         Reflect  .   (no cloak)
rCorr    .         Harm     .   (gloves unavailable)
MR       .....                  (boots unavailable)
Stlth    +.........             (no amulet)
HPRegen  0.16/turn              l - ring of protection from cold
MPRegen  0.09/turn              (no ring)

@: berserk cooldown, slowed, very slow
A: large, unfitting armour, tough skin 1
a: Berserk, Trog's Hand, Renounce Religion


You were on level 2 of the Dungeon.
You worshipped Trog.
Trog was pleased with you.
You were hungry.

You visited 1 branch of the dungeon, and saw 2 of its levels.

You collected 59 gold pieces.

Inventory:

Hand Weapons
 a - a +0 mace (weapon)
Armour
 b - a +0 animal skin (worn)
Jewellery
 l - a ring of protection from cold (left hand)
Scrolls
 d - 2 scrolls of amnesia {unknown}
 g - a scroll of identify {unknown}
 k - a scroll of teleportation {unknown}
Potions
 e - a potion of degeneration {unknown}
 f - a potion of mutation {unknown}
 h - a potion of lignification {unknown}
 i - a potion of brilliance {unknown}
 j - a potion of haste {unknown}
Comestibles
 c - 5 rations


   Skills:
 + Level 4.6 Fighting
 * Level 3.8 Maces & Flails
 + Level 3.1 Dodging


You had 3 spell levels left.
You didn't know any spells.

Dungeon Overview and Level Annotations

Branches:
Dungeon (2/15)

Altars:


Innate Abilities, Weirdness & Mutations

You are too large for most types of armour.
You have tough skin. (AC +1)


Message History

The gnoll is severely wounded.
The kobold closely misses you. The gnoll hits you with a spear!
* * * LOW HITPOINT WARNING * * *
The kobold hits you but does no damage. The gnoll completely misses you.
You closely miss the gnoll.
The gnoll is severely wounded.
The kobold barely misses you. The gnoll hits you with a spear.
* * * LOW HITPOINT WARNING * * *
The kobold hits you.
* * * LOW HITPOINT WARNING * * *
The gnoll hits you with a spear.
* * * LOW HITPOINT WARNING * * *
You sock the gnoll!
You kill the gnoll!
Trog accepts your kill.
You have reached level 4!
The kobold hits you.
* * * LOW HITPOINT WARNING * * *
The gnoll closely misses you. The kobold hits you.
You die...

. ..#. .### ...... ...
..... ..# ###..# #.#
.....####.#
#....##.#########.
#......((K@g......
...####....##.########..
#........###.#
#[.###..## #.#
#^.#.รท..# #.# #..#.#)##
... .#..#.#.# K..
.#..#.#.# #...
......#.....


You could see a gnoll and a kobold.

Vanquished Creatures
  3 gnolls (D:2)
  An adder (D:2)
  A dart slug (D:1)
  A giant cockroach (D:2)
  5 goblins
  A hobgoblin (D:1)
  A ball python (D:1)
  5 bats (D:1)
  3 frilled lizards (D:1)
  6 kobolds (D:1)
27 creatures vanquished.

Notes
Turn   | Place    | Note
-------+----------+-------------------------------------------
     0 | D:1      | Spoonicorn the Ogre Berserker began the quest for the Orb.
     0 | D:1      | Reached XP level 1. HP: 24/24 MP: 1/1
   189 | D:1      | Reached XP level 2. HP: 20/32 MP: 2/2
   851 | D:2      | Reached XP level 3. HP: 40/40 MP: 3/3
   899 | D:2      | HP: 2/40 [poisoned by an adder]
   907 | D:2      | HP: 1/40 [poisoned by an adder]
  1217 | D:2      | Reached ** piety under Trog
  1226 | D:2      | Reached XP level 4. HP: 4/49 MP: 4/4
  1226 | D:2      | Slain by a kobold

Vault maps used:
D:1:      mushboom_english_gardens
D:2:      minmay_cut_off

Skill      XL: |  1  2  3 |
---------------+----------+-----
Maces & Flails | 3 |  3.8
Dodging        | 3 |  3.1
Fighting       | |  4.6

Action                   |  1- 3 |  4- 6 || total
-------------------------+-------+-------++-------
Melee: Mace              |    94 |       ||    94
Invok: Berserk           |     1 |       ||     1
  Eat: Chunk             |     1 |       ||     1
Armor: Animal skin       |    40 |       ||    40
Dodge: Dodged            |    73 |     1 ||    74

Table legend:
 A = Spawn XP
 B = Non-spawn XP
 C = Spawn XP percentage of total XP
 D = Spawn monster count
 E = Non-spawn monster count
 F = Spawn count percentage of total count
 G = Total turns spent on level
                    A         B        C        D         E        F      G
               +---------+---------+-------+---------+---------+-------+---------
         Total |       0 |      93 |   0.0 |       0 |      27 |   0.0 |  1226
               +---------+---------+-------+---------+---------+-------+---------
           D:1 |       0 |      33 |   0.0 |       0 |      20 |   0.0 |   802
           D:2 |       0 |      60 |   0.0 |       0 |       7 |   0.0 |   424
               +---------+---------+-------+---------+---------+-------+---------
